 Dungeon Crawl Stone Soup version 0.27-a0-1136-g0b992a5a9d (webtiles) character file.

Game seed: 18247668988540278045

492180 wakim the Imperceptible (level 25, 0/133 HPs)
             Began as a Vine Stalker Brigand on May 3, 2021.
             Was a Follower of Uskayaw.
             Succumbed to a golden dragon's poison gas
             ... on level 5 of the Depths on May 4, 2021.
             The game lasted 03:50:03 (55186 turns).

wakim the Imperceptible (Vine Stalker Brigand)     Turns: 55186, Time: 03:50:04

Health: 0/133      AC: 24    Str: 14    XL:     25   Next: 6%
Magic:  19/35      EV: 22    Int: 22    God:    Uskayaw [*.....]
Gold:   2916       SH: 21    Dex: 31    Spells: 24/24 levels left

rFire    + . .     SeeInvis +   a - +7 quick blade of the Vestibule of Hell {vorpal, rCorr Str-3 Int+3 Dex+6}
rCold    + + .     Faith    +   J - +0 tower shield
rNeg     . . .     Spirit   +   o - quicksilver dragon scales
rPois    .         Reflect  .   q - +2 helmet {SInv}
rElec    +         Harm     .   n - +2 cloak
rCorr    +         Rampage  .   V - +1 pair of gloves {Stlth+}
Will     +++++                  j - +0 pair of boots
Stlth    +++++++++.             k - amulet of faith
HPRegen  1.32/turn              p - ring of Seetziepha {+Blink rElec rC+ Will++ Int+4}
MPRegen  0.24/turn              z - ring of Xudy {rF+ rC+ Int+4}

@: lethally poisoned (0 -> -33), hasted, very quick
A: fangs 3, regeneration 1, magic shield, antimagic bite, no potion heal 2
}: 2/15 runes: barnacled, gossamer
a: Renounce Religion, Evoke Blink, Stomp


You were on level 5 of the Depths.
You worshipped Uskayaw.
Uskayaw was pleased with you.
You visited 9 branches of the dungeon, and saw 43 of its levels.
You also visited: Gauntlet and Ice Cave.

You collected 6375 gold pieces.
You spent 3459 gold pieces at shops.

Inventory:

Hand Weapons
 a - the +7 quick blade of the Vestibule of Hell (weapon) {vorpal, rCorr Str-3 Int+3 Dex+6}
   (You acquired it on level 5 of the Dungeon)

   It inflicts extra damage upon your enemies.
   It affects your strength (-3).
   It affects your intelligence (+3).
   It affects your dexterity (+6).
   It protects you from acid and corrosion.
 b - a +9 quick blade
Missiles
 c - 16 silver boomerangs
 d - 11 throwing nets {=f!f}
 f - 18 silver javelins
Armour
 e - a +1 cloak of poison resistance
 j - a +0 pair of boots (worn)
 n - a +2 cloak (worn)
 o - quicksilver dragon scales (worn)
 q - a +2 helmet of see invisible (worn)
 G - +2 storm dragon scales {Bai Suzhen}
 J - a +0 tower shield (worn)
 V - a +1 pair of gloves of stealth (worn)
Jewellery
 g - the ring "Bianud" {AC+4 Int+3}
   (You took it off a deep elf death mage on level 3 of the Elven Halls)

   [ring of protection]

   It affects your AC (+4).
   It affects your intelligence (+3).
 h - a ring of flight
 k - an amulet of faith (around neck)
 p - the ring of Seetziepha (left hand) {+Blink rElec rC+ Will++ Int+4}
   (You bought it in a shop on level 5 of the Depths)

   [ring of protection from cold]

   It affects your intelligence (+4).
   It protects you from cold.
   It insulates you from electricity.
   It lets you blink.
   It greatly increases your willpower.
 s - an amulet of reflection
 z - the ring of Xudy (right hand) {rF+ rC+ Int+4}
   (You bought it in a shop on level 5 of the Depths)

   [ring of protection from cold]

   It affects your intelligence (+4).
   It protects you from fire.
   It protects you from cold.
 B - the ring of the Gloaming {Will+ EV+4 Int+3 Stlth-}
   (You bought it in a shop on level 14 of the Dungeon)

   [ring of evasion]

   It affects your evasion (+4).
   It affects your intelligence (+3).
   It increases your willpower.
   It makes you less stealthy.
 M - a ring of resist corrosion
 P - a ring of protection from cold
 W - a ring of protection from fire
Wands
 t - a wand of digging (19)
 u - a wand of mindburst (38)
 v - a wand of flame (15) (quivered)
 w - a wand of acid (32)
 x - a wand of charming (13)
 y - a wand of paralysis (11)
 L - a wand of iceblast (38)
Scrolls
 m - 6 scrolls of enchant armour
 r - 25 scrolls of identify
 Q - 4 scrolls of immolation {!r!r}
 R - 11 scrolls of magic mapping {!r}
 S - 2 scrolls of summoning
 T - 10 scrolls of teleportation
 U - 4 scrolls of fear
 X - 2 scrolls of fog
 Y - 5 scrolls of blinking {!r}
 Z - 4 scrolls of silence {!r}
Potions
 A - 8 potions of ambrosia
 C - 5 potions of berserk rage {!q}
 D - 6 potions of brilliance
 E - 4 potions of cancellation
 F - 8 potions of curing
 H - 8 potions of haste
 I - 4 potions of invisibility
 K - 6 potions of magic
 N - a potion of might
 O - 2 potions of resistance


   Skills:
 + Level 14.2 Fighting
 + Level 14.2 Short Blades
 - Level 8.2 Throwing
 + Level 11.6 Armour
 + Level 13.1 Dodging
 + Level 21.5 Stealth
 * Level 16.2 Shields
 * Level 15.8 Invocations
 + Level 11.9 Evocations


You had 24 spell levels left.
You didn't know any spells.
Your spell library contained the following spells:

 Spells                   Type           Power      Damage    Failure   Level
 Animate Skeleton         Necr           0%         N/A       65%         1
 Apportation              Tloc           0%         N/A       65%         1
 Beastly Appendage        Tmut           0%         N/A       65%         1
 Corona                   Hex            0%         N/A       65%         1
 Magic Dart               Conj           0%         1d3       65%         1
 Sandblast                Erth           0%         2d4       65%         1
 Shock                    Conj/Air       0%         1d3       65%         1
 Sting                    Tmut/Pois      0%         1d3       65%         1
 Summon Small Mammal      Summ           0%         N/A       65%         1
 Blink                    Tloc           N/A        N/A       80%         2
 Call Imp                 Summ           0%         N/A       80%         2
 Passwall                 Tmut/Erth      0%         N/A       80%         2
 Poisonous Vapours        Pois/Air       0%         N/A       80%         2
 Searing Ray              Conj           0%         3d3       80%         2
 Slow                     Hex            0%         N/A       80%         2
 Static Discharge         Conj/Air       0%         N/A       80%         2
 Wereblood                Tmut           0%         N/A       80%         2
 Call Canine Familiar     Summ           0%         N/A       95%         3
 Conjure Flame            Conj/Fire      0%         6-21      95%         3
 Dazzling Flash           Conj/Hex       0%         N/A       95%         3
 Ignite Poison            Fire/Tmut/Pois 0%         N/A       95%         3
 Lesser Beckoning         Tloc           0%         N/A       95%         3
 Mephitic Cloud           Conj/Pois/Air  0%         N/A       95%         3
 Spider Form              Tmut/Pois      0%         N/A       95%         3
 Stone Arrow              Conj/Erth      0%         3d7       95%         3
 Summon Guardian Golem    Hex/Summ       0%         N/A       95%         3
 Swiftness                Air            0%         N/A       95%         3
 Tukima's Dance           Hex            0%         N/A       95%         3
 Airstrike                Air            0%         N/A       100%        4
 Animate Dead             Necr           0%         N/A       100%        4
 Fulminant Prism          Conj/Hex       0%         3d6       100%        4
 Ice Form                 Ice/Tmut       0%         N/A       100%        4
 Iskenderun's Mystic Bla  Conj/Tloc      0%         2d3       100%        4
 Olgreb's Toxic Radiance  Pois           0%         N/A       100%        4
 Petrify                  Tmut/Erth      0%         N/A       100%        4
 Summon Ice Beast         Ice/Summ       0%         N/A       100%        4
 Summon Lightning Spire   Summ/Air       0%         N/A       100%        4
 Alistair's Intoxication  Tmut/Pois      0%         N/A       100%        5
 Bolt of Magma            Conj/Fire/Erth 0%         4d4       100%        5
 Borgnjor's Vile Clutch   Necr/Erth      0%         N/A       100%        5
 Fireball                 Conj/Fire      0%         3d3       100%        5
 Hydra Form               Tmut           0%         N/A       100%        5
 Iskenderun's Battlesphe  Conj           0%         2d6       100%        5
 Lee's Rapid Deconstruct  Erth           0%         3d5*      100%        5
 Lightning Bolt           Conj/Air       0%         1d11      100%        5
 Yara's Violent Unravell  Hex/Tmut       0%         3d3       100%        5
 Death Channel            Necr           0%         N/A       100%        6
 Freezing Cloud           Conj/Ice/Air   0%         6-21      100%        6
 Invisibility             Hex            0%         N/A       100%        6
 Iron Shot                Conj/Erth      0%         9d1       100%        6
 Shadow Creatures         Summ           N/A        N/A       100%        6
 Simulacrum               Ice/Necr       0%         N/A       100%        6
 Starburst                Conj/Fire      0%         8x6d3     100%        6
 Malign Gateway           Summ/Tloc      0%         N/A       100%        7
 Orb of Destruction       Conj           0%         N/A       100%        7
 Ozocubu's Refrigeration  Ice            0%         4d5       100%        7
 Spellforged Servitor     Conj/Summ      0%         N/A       100%        7
 Ignition                 Fire           0%         3d3       100%        8


Dungeon Overview and Level Annotations

Branches:
Dungeon (15/15)            Temple (1/1) D:7            Lair (6/6) D:8
 Shoals (4/4) Lair:2       Spider (4/4) Lair:2        Slime (0/5) Lair:5
    Orc (2/2) D:9             Elf (3/3) Orc:2        Vaults (4/5) D:14
  Crypt (0/3) Vaults:3     Depths (3/5) D:15            Zot (0/5) Depths:5
  IceCv (visited)         Gauntlet (visited)

Altars:
Ashenzari
Cheibriados
Dithmenos
Elyvilon
Fedhas
Gozag
Hepliaklqana
Kikubaaqudgha
Makhleb
Nemelex Xobeh
Okawaru
Qazlal
Ru
Sif Muna
Trog
Uskayaw
Vehumet
Wu Jian
Xom
Yredelemnul
Zin
The Shining One
Beogh

Shops:
D:12 (=::   D:14 =   Orc:2 :*((   Elf:1 *:   Shoals:4 *   Vaults:1 *
Vaults:3 [   Depths:2 !   Depths:5 ==

Portals:
Hell: Depths:1 Depths:2 Depths:5
Abyss: Depths:1
Pandemonium: Depths:3
Ziggurat: Depths:1

Annotations:
Shoals:1 3 runed translucent doors, Ogimoj Lile's ghost, adept VSFi; Roxanne
Vaults:2 36 runed doors
Depths:2 1 runed translucent door


Innate Abilities, Weirdness & Mutations

You have razor-sharp teeth.
Your natural rate of healing is unusually fast.
When hurt, damage is shared between your health and your magic reserves.
Your bite disrupts and absorbs the magic of your enemies.
Potions cannot restore your health.


Message History

You feel sick.
You feel sick.
You are no longer poisoned.
The golden dragon breathes poison at you.
The blast of poison misses you.
You are engulfed in poison gas.
You are poisoned.
* * * LOW HITPOINT WARNING * * *
You feel very sick.
You are engulfed in poison gas.
You are more poisoned.
You feel extremely sick.
Things that are here:
a +2 great mace of draining; a +0 cloak; a white draconian corpse You feel extremely sick.
You see here a +0 trident.
You feel very sick.
You feel very sick.
You feel very sick.
You feel very sick.
You feel sick.
You feel sick.
The golden dragon breathes poison at you.
The blast of poison engulfs you!
You are more poisoned.
* * * LOW HITPOINT WARNING * * *
You feel yourself speed up.
You are engulfed in poison gas.
You are more poisoned.
* * * LOW HITPOINT WARNING * * *
You feel extremely sick. The golden dragon breathes cold at you.
The bolt of cold misses you.
You are engulfed in poison gas.
You are lethally poisoned!
* * * LOW HITPOINT WARNING * * *
* * * LOW HITPOINT WARNING * * *
You feel very sick.
You are engulfed in poison gas.
You are more poisoned.
You die...

..##'##.....................<....
.##.).#.....<....................
##...##.#####.....^..............
#...#####...##..D#..####..#######
#...# ##.....##°○##)# ##.# #...#
#.....!.#°☼##D# #.# ##..§
#..###..○°○##°## ##.# ##.. #∩#
##○#°°##°°# #..# ###
#########○@##..###..#######
#∩..##..°○..#○..#...#......
##...##...###♣.♣#♣.♣###....
##...#.###.♣.......♣.###..
#...#.....D.∩.#.∩........
##...#####.♣.......♣.###.. #####
##...## ####♣^♣#♣.♣###.... #...#
#.))## #..#...#...# #.... #...#
##'## #..#..###.(# #....


You could see a golden dragon (catching breath).

Vanquished Creatures
  Mennas (Vaults:4)
  A juggernaut (Depths:5)
  Bai Suzhen (Shoals:4)
  Saint Roka (Elf:3)
  Jory (Vaults:4)
  Nikola (Elf:3)
  Arachne (Spider:4)
  An iron giant (shapeshifter) (Depths:5)
  Jorgrun (Shoals:2)
  A lich (Depths:5)
  2 deep elf master archers (Elf:3)
  Asterion (Elf:1)
  A quicksilver dragon (Vaults:4)
  2 deep elf blademasters (Elf:3)
  3 krakens
  Polyphemus (Shoals:2)
  8 sphinxes
  A titan (Shoals:3)
  Gastronok (Lair:3)
  A shadow dragon (Depths:5)
  Kirke (Shoals:4)
  2 tengu reavers
  2 fire giants
  A daeva (Depths:1)
  4 deep elf sorcerers
  An orc warlord (Vaults:4)
  4 vault wardens
  A draconian scorcher (Depths:5)
  Aizul (Shoals:2)
  6 spectral caustic shrikes (Depths:5)
  2 frost giants
  Louise (Spider:2)
  8 emperor scorpions
  2 angels (Depths:1)
  5 deep elf elementalists (Elf:3)
  5 ghost moths
  16 ironbound preservers
  A ghoul (Vaults:3)
  6 stone giants
  2 spriggan defenders (Depths:5)
  5 war gargoyles
  9 very ugly things
  A green draconian (Depths:5)
  2 black draconians (Depths:5)
  7 deep elf demonologists
  3 entropy weavers
  A yellow draconian (Depths:5)
  2 vampire knights
  8 dire elephants
  12 deep elf annihilators
  A minotaur (Gauntlet)
  8 spark wasps
  A white draconian (IceCv)
  An eidolon (Vaults:3)
  2 merfolk javelineers (Shoals:4)
  4 crystal guardians (Vaults:4)
  5 ettins
  4 fire dragons
  2 deep elf high priests (Elf:3)
  10 deep elf death magi
  12 yaktaur captains
  4 great orbs of eyes
  10 merfolk impalers
  The ghost of crasatator the Thrower, a journeyman TrMo of Trog (D:10)
  3 jiangshi (Depths:1)
  5 ironbound thunderhulks
  6 vault guards
  2 merfolk avatars (Shoals:4)
  Harold (D:8)
  8 hydras
  3 rakshasas
  Erolcha (D:10)
  6 catoblepae
  3 peacekeepers (Vaults:4)
  8 ice dragons
  25 two-headed ogres
  5 ogre magi
  An alligator snapping turtle (Shoals:4)
  3 spriggan air magi
  29 centaur warriors
  3 boulder beetles
  2 ironbound frosthearts
  4 satyrs
  3 deep troll shamans
  2 merfolk aquamancers
  17 death yaks
  26 dancing weapons
  A deep troll earth mage (Depths:1)
  14 tengu warriors
  5 ironbound beastmasters
  An orc high priest (Orc:2)
  6 hell knights
  2 vampire magi (Depths:1)
  3 spriggan berserkers (Depths:5)
  2 shadow wraiths
  Sonja (Lair:5)
  Nergalle (D:10)
  A skeletal warrior (Vaults:3)
  10 sea snakes
  22 deep elf knights
  5 iron trolls
  A flayed ghost (Depths:5)
  63 deep trolls
  4 glowing orange brains
  17 wizards
  3 phantasmal warriors
  17 harpies
  14 deep elf archers
  7 ironbound convokers
  36 deep elf pyromancers
  5 orc knights
  A lindwurm (D:14)
  35 deep elf zephyrmancers
  2 necromancers
  37 wolf spiders
  21 orb spiders
  An orc sorcerer (Orc:1)
  A salamander (D:15)
  13 cyclopes
  22 manticores
  52 ugly things
  17 fauns
  3 moths of wrath (Spider:2)
  7 elephants
  Joseph (D:8)
  10 vault sentinels
  Maurice (D:10)
  4 water nymphs
  13 cane toads
  4 merfolk sirens
  2 black mambas
  5 torpor snails
  2 rime drakes
  10 komodo dragons
  Maggie (D:10)
  A komodo dragon (shapeshifter) (D:10)
  A freezing wraith (Vaults:3)
  3 tengu conjurers (Depths:1)
  27 yaktaurs
  27 demonic crawlers
  An ice devil (Gauntlet)
  10 trolls
  18 polar bears
  A wind drake (shapeshifter) (D:13)
  41 jumping spiders
  8 wind drakes
  14 hornets
  36 merfolk
  A hornet (shapeshifter) (Elf:2)
  Grinder (D:4)
  A raiju (Gauntlet)
  14 snapping turtles
  3 dream sheep (Shoals:4)
  24 slime creatures
  25 blink frogs
  16 water elementals
  112 redbacks
  A spriggan (shapeshifter) (Elf:2)
  6 air elementals
  2 wraiths
  A vampire (D:10)
  3 spriggans
  3 wyverns
  A shadow (D:10)
  4 fire elementals
  69 yaks
  43 tarantellas
  6 hogs (Shoals:4)
  5 basilisks
  2 steam dragons
  Menkaure (D:4)
  5 vampire mosquitoes (D:13)
  3 acid dragons
  A warg (Orc:1)
  11 water moccasins
  Duvessa (D:6)
  20 orc warriors
  2 sky beasts (D:6)
  2 black bears
  25 ogres
  3 necrophages
  3 boggarts (D:15)
  4 centaurs
  55 wolves
  A kobold brigand (D:10)
  A phantom (D:4)
  A gnoll sergeant (D:9)
  16 bullfrogs
  4 scorpions
  A water moccasin zombie (D:6)
  Dowan (D:6)
  2 earth elementals
  2 wyvern skeletons (D:7)
  10 wights
  3 killer bees (D:8)
  2 howler monkeys
  9 electric eels
  A bullfrog zombie (D:6)
  6 centaur zombies
  2 jellies (Lair:5)
  9 orc priests
  A bullfrog skeleton (D:5)
  2 hounds
  A gnoll shaman (D:7)
  2 iguanas
  19 orc wizards
  The ghost of emiel the Ruffian, a weakling TrDe (D:5)
  A hound skeleton (D:5)
  3 howler monkey zombies
  7 adders
  16 gnolls
  A shadow imp (D:6)
  8 white imps
  An ufetubus (D:5)
  2 adder skeletons (D:4)
  3 worms
  3 dart slugs (D:1)
  107 orcs
  6 ball pythons
  9 endoplasms
  2 giant cockroaches (D:4)
  16 hobgoblins
  10 jackals
  5 quokkas
  4 bats
  6 frilled lizards
  15 goblins
  19 kobolds
  4 rats
  6 tentacles
1907 creatures vanquished.

Vanquished Creatures (others)
  A draconian knight (Depths:5)
  A very ugly thing (Depths:1)
  2 ettins (Depths:1)
  A fire dragon (Depths:1)
  A deep elf knight (Elf:3)
  A flayed ghost (Depths:1)
  3 deep elf pyromancers
  A wizard (Vaults:1)
  A deep elf zephyrmancer (Elf:3)
  5 ugly things (Depths:1)
  A merfolk (Shoals:4)
  A tarantella (Spider:4)
  A human (Shoals:4)
  A fire elemental (Elf:3)
  A boggart (Elf:1)
  A bullfrog (Lair:5)
  A hound (D:5)
  A hound zombie (D:5)
  An orc (D:5)
  28 fungi
  245 plants
  16 tentacles
  2 withered plants (D:5)
317 creatures vanquished.

Grand Total: 2224 creatures vanquished

Notes
Turn   | Place    | Note
-------+----------+-------------------------------------------
     0 | D:1      | wakim the Vine Stalker Brigand began the quest for the Orb.
     0 | D:1      | Reached XP level 1. HP: 11/11 MP: 2/2
   143 | D:1      | Reached skill level 1 in Dodging
   143 | D:1      | Reached XP level 2. HP: 15/15 MP: 3/3
   250 | D:1      | Reached skill level 5 in Stealth
   538 | D:1      | Reached XP level 3. HP: 18/18 MP: 4/4
  1263 | D:2      | Found a faded altar of an unknown god.
  1474 | D:2      | Gained mutation: Your natural rate of healing is unusually
                  | fast. [Vine Stalker growth]
  1474 | D:2      | Reached XP level 4. HP: 21/23 MP: 5/5
  2396 | D:3      | Reached XP level 5. HP: 27/27 MP: 6/6
  2917 | D:4      | Reached XP level 6. HP: 19/32 MP: 4/7
  2997 | D:4      | Noticed Grinder
  3061 | D:4      | Identified the +6 dagger of Ekeozyre {vorpal, +Blink Str+3
                  | Int-2}
  3314 | D:4      | Killed Grinder
  3315 | D:4      | Reached skill level 1 in Armour
  3315 | D:4      | Reached skill level 6 in Stealth
  3315 | D:4      | Reached skill level 1 in Shields
  3315 | D:4      | Reached XP level 7. HP: 28/36 MP: 8/8
  3732 | D:4      | Noticed Menkaure
  3752 | D:4      | Killed Menkaure
  3914 | D:4      | Gained mutation: You have razor-sharp teeth. [Vine Stalker
                  | growth]
  3914 | D:4      | Reached XP level 8. HP: 40/40 MP: 9/9
  4148 | D:4      | Reached skill level 5 in Short Blades
  4300 | D:5      | Entered Level 5 of the Dungeon
  4458 | D:5      | Reached skill level 7 in Stealth
  4580 | D:5      | Identified the Compendium of Shifting Venom
  4582 | D:5      | Identified a scroll of acquirement
  4582 | D:5      | Acquired the +7 quick blade of the Vestibule of Hell
                  | {vorpal, rCorr Str-3 Int+3 Dex+6}
  4777 | D:5      | Found a runed translucent door.
  4777 | D:5      | Noticed emiel's ghost (weakling TrDe)
  4789 | D:5      | Killed emiel's ghost
  5441 | D:6      | Reached XP level 9. HP: 45/45 MP: 10/10
  5794 | D:6      | Noticed Dowan
  6003 | D:6      | Noticed Duvessa
  6031 | D:6      | Killed Duvessa
  6039 | D:6      | Killed Dowan
  6040 | D:6      | Reached skill level 5 in Shields
  6257 | D:7      | Identified the +1 leather armour of the Vacuum {Drain rElec
                  | Str+4 SInv}
  6405 | D:7      | Reached skill level 8 in Stealth
  7103 | D:7      | Found a staircase to the Ecumenical Temple.
  7109 | Temple   | Entered the Ecumenical Temple
  7538 | D:8      | Found a staircase to the Lair.
  7539 | D:8      | Noticed a komodo dragon
  7640 | D:8      | Killed a komodo dragon
  7641 | D:8      | Reached XP level 10. HP: 35/51 MP: 7/11
  7825 | D:8      | Noticed Harold
  7840 | D:8      | Killed Harold
  7841 | D:8      | Reached skill level 5 in Fighting
  7841 | D:8      | Reached skill level 9 in Stealth
  8054 | D:8      | Noticed Joseph
  8061 | D:8      | Killed Joseph
  8065 | D:8      | Acquired a +5 quick blade
  8477 | D:8      | Upgraded the game from 0.27-a0-1123-g2f9bb313c0 to
                  | 0.27-a0-1136-g0b992a5a9d
  9422 | D:9      | Reached skill level 10 in Stealth
  9425 | D:9      | Reached skill level 1 in Evocations
  9507 | D:9      | Reached XP level 11. HP: 53/56 MP: 9/12
  9548 | D:9      | Found a staircase to the Orcish Mines.
  9590 | D:9      | Reached skill level 5 in Dodging
  9711 | D:10     | Entered Level 10 of the Dungeon
  9727 | D:10     | Noticed Nergalle
  9729 | D:10     | Noticed Maggie
  9733 | D:10     | Killed Nergalle
  9754 | D:10     | Killed Maggie
  9766 | D:10     | Noticed Maurice
  9782 | D:10     | Killed Maurice
  9853 | D:10     | Noticed Erolcha
  9865 | D:10     | Killed Erolcha
  9885 | D:10     | Found a runed translucent gate.
 10147 | D:10     | Noticed a centaur warrior
 10147 | D:10     | Noticed a manticore
 10149 | D:10     | Noticed a manticore
 10178 | D:10     | Killed a manticore
 10179 | D:10     | Reached skill level 11 in Stealth
 10186 | D:10     | Killed a manticore
 10222 | D:10     | Noticed a green ugly thing
 10224 | D:10     | Noticed a cyclops
 10225 | D:10     | Killed a centaur warrior
 10226 | D:10     | Killed a green ugly thing
 10233 | D:10     | Killed a cyclops
 10234 | D:10     | Noticed a manticore
 10237 | D:10     | Killed a manticore
 10302 | D:10     | Found a runed translucent gate.
 10303 | D:10     | Found a runed translucent gate.
 10304 | D:10     | Noticed crasatator's ghost (journeyman TrMo)
 10304 | D:10     | Identified the +1 plate armour of the Everdark {Drain Fly
                  | Dex+6 Slay-4}
 10360 | D:10     | Found a hide-covered altar of Uskayaw.
 10386 | D:10     | Reached XP level 12. HP: 57/61 MP: 11/13
 10400 | D:10     | Reached skill level 5 in Armour
 10520 | D:10     | Became a worshipper of Uskayaw the Reveller
 10705 | D:11     | Reached * piety under Uskayaw
 10713 | D:11     | Reached ** piety under Uskayaw
 10720 | D:11     | Reached *** piety under Uskayaw
 10823 | Lair:1   | Entered Level 1 of the Lair of Beasts
 10880 | Lair:1   | Reached **** piety under Uskayaw
 10886 | Lair:1   | Reached ***** piety under Uskayaw
 10896 | Lair:1   | Reached ****** piety under Uskayaw
 10967 | Lair:1   | Reached skill level 12 in Stealth
 11703 | Lair:2   | Reached skill level 1 in Invocations
 11919 | Lair:2   | Found an ancient bone altar of Kikubaaqudgha.
 12280 | Lair:2   | Found a hole to the Spider Nest.
 12603 | Lair:2   | Found a staircase to the Shoals.
 12724 | Lair:3   | Noticed a seven-headed hydra
 12734 | Lair:3   | Killed a seven-headed hydra
 12735 | Lair:3   | Reached XP level 13. HP: 67/67 MP: 16/16
 12795 | Lair:3   | Noticed Gastronok
 12816 | Lair:3   | Killed Gastronok
 13232 | Lair:3   | You fall into a shaft and drop 2 floors!
 13516 | Lair:4   | Reached skill level 5 in Evocations
 13614 | Lair:4   | Reached skill level 5 in Invocations
 14310 | Lair:5   | Noticed Sonja
 14374 | Lair:5   | Reached skill level 13 in Stealth
 14436 | Lair:5   | Killed Sonja
 14437 | Lair:5   | Reached XP level 14. HP: 74/74 MP: 19/19
 14532 | Lair:5   | Found a staircase to the Slime Pits.
 14960 | Lair:6   | Entered Level 6 of the Lair of Beasts
 15281 | Lair:6   | Identified the +3 scale mail "Wuol Lae" {Slay+2}
 16316 | Lair:6   | Identified the ring "Osowa" {rN+ Will+ MP+9}
 17471 | D:10     | Killed crasatator's ghost
 17580 | D:11     | Reached XP level 15. HP: 80/80 MP: 21/21
 18251 | D:12     | Found Lueffaj's Jewellery Boutique.
 18251 | D:12     | Found Niryompu's Book Boutique.
 18251 | D:12     | Found Aran's Weapon Boutique.
 18253 | D:12     | Found Tumnil's Book Boutique.
 18758 | D:13     | Reached skill level 10 in Shields
 18918 | D:13     | Found a radiant altar of Vehumet.
 19212 | D:13     | Reached skill level 14 in Stealth
 19876 | D:14     | Found a frozen archway.
 19886 | IceCv    | Entered an ice cave
 19976 | IceCv    | Reached skill level 10 in Fighting
 20966 | D:14     | Found Evix's Jewellery Shop.
 21036 | D:14     | Found a blossoming altar of Fedhas.
 21191 | D:14     | Reached skill level 10 in Dodging
 21209 | D:14     | Found a gate to the Vaults.
 21633 | Orc:1    | Entered Level 1 of the Orcish Mines
 21679 | Orc:2    | Entered Level 2 of the Orcish Mines
 21714 | Orc:2    | Found Sohastru's Antique Weapon Shop.
 21714 | Orc:2    | Found Digianke's Weapon Shoppe.
 21715 | Orc:2    | Found Ygeudaa's Book Emporium.
 21715 | Orc:2    | Found Meddiaduu's Assorted Antiques.
 21731 | Orc:2    | Reached XP level 16. HP: 85/85 MP: 23/23
 21781 | Orc:2    | Found a staircase to the Elven Halls.
 22110 | Orc:2    | Found Zocwujuu's Antique Weapon Shop.
 22684 | Orc:1    | Reached skill level 15 in Stealth
 22876 | D:15     | Entered Level 15 of the Dungeon
 22896 | D:15     | Found a staircase to the Depths.
 23039 | D:15     | Identified the +0 robe of Leaves {rC+}
 23047 | D:15     | Found a gate leading to a gauntlet.
 23055 | Gauntlet | Entered a Gauntlet
 23055 | Gauntlet | Found a transporter.
 23062 | Gauntlet | Found a transporter.
 23065 | Gauntlet | Found a transporter.
 23076 | Gauntlet | Found a transporter.
 23079 | Gauntlet | Found a transporter.
 23093 | Gauntlet | Found a transporter.
 23108 | Gauntlet | Found a transporter.
 23112 | Gauntlet | Found a transporter.
 23132 | Gauntlet | Found a transporter.
 23137 | Gauntlet | Found a transporter.
 23161 | Gauntlet | Found a transporter.
 23163 | Gauntlet | Found a transporter.
 23188 | Gauntlet | Found a transporter.
 23192 | Gauntlet | Found a transporter.
 24127 | D:15     | Identified the +3 leather armour "Wumin" {Dex+2}
 24388 | Spider:1 | Entered Level 1 of the Spider Nest
 24601 | Spider:1 | Reached skill level 10 in Invocations
 24607 | Spider:1 | Reached XP level 17. HP: 80/90 MP: 25/25
 25168 | Spider:1 | Reached skill level 10 in Short Blades
 26187 | Spider:2 | Paralysed by a hornet for 2 turns
 27483 | Spider:2 | Reached skill level 16 in Stealth
 27892 | Spider:3 | Reached skill level 5 in Throwing
 27990 | Spider:3 | Noticed Louise
 28255 | Spider:2 | Killed Louise
 28764 | Spider:3 | Identified Foazapt's Compendium of Creation
 28913 | Spider:4 | Entered Level 4 of the Spider Nest
 29342 | Spider:4 | Reached XP level 18. HP: 96/96 MP: 27/27
 30082 | Spider:4 | Noticed Arachne
 30109 | Spider:4 | Killed Arachne
 31462 | Spider:4 | Got a gossamer rune of Zot
 31815 | Vaults:1 | Entered Level 1 of the Vaults
 31869 | Vaults:1 | Reached skill level 17 in Stealth
 32185 | D:12     | Bought an amulet of reflection for 360 gold pieces
 32303 | D:14     | Bought the ring of the Gloaming {Will+ EV+4 Int+3 Stlth-}
                  | for 642 gold pieces
 32456 | Vaults:1 | You fall into a shaft and drop 1 floor!
 32514 | Vaults:2 | Identified the +2 hunting sling of the Well-Known Gods
                  | {flame, rN+ Int+4}
 32764 | Vaults:2 | Reached XP level 19. HP: 79/100 MP: 28/28
 32990 | Vaults:2 | Acquired 935 gold pieces
 33488 | Vaults:2 | Found a huge runed gate.
 33488 | Vaults:2 | Found a huge runed gate.
 33488 | Vaults:2 | Found a huge runed gate.
 33488 | Vaults:2 | Found a huge runed gate.
 33488 | Vaults:2 | Found a huge runed gate.
 33489 | Vaults:2 | Found a huge runed gate.
 33489 | Vaults:2 | Found a huge runed gate.
 33489 | Vaults:2 | Found a huge runed gate.
 33489 | Vaults:2 | Found a huge runed gate.
 33489 | Vaults:2 | Found a huge runed gate.
 33499 | Vaults:2 | Found a huge runed gate.
 33499 | Vaults:2 | Found a huge runed gate.
 33499 | Vaults:2 | Found a huge runed gate.
 33499 | Vaults:2 | Found a huge runed gate.
 33500 | Vaults:2 | Found a huge runed gate.
 33501 | Vaults:2 | Found a huge runed gate.
 33502 | Vaults:2 | Found a huge runed gate.
 33503 | Vaults:2 | Found a huge runed gate.
 33504 | Vaults:2 | Found a huge runed gate.
 33513 | Vaults:2 | Found a huge runed gate.
 33513 | Vaults:2 | Found a huge runed gate.
 33513 | Vaults:2 | Found a huge runed gate.
 33513 | Vaults:2 | Found a huge runed gate.
 33513 | Vaults:2 | Found a huge runed gate.
 33513 | Vaults:2 | Found a huge runed gate.
 33514 | Vaults:2 | Found a huge runed gate.
 33515 | Vaults:2 | Found a huge runed gate.
 33516 | Vaults:2 | Found a huge runed gate.
 33524 | Vaults:2 | Found a huge runed gate.
 33524 | Vaults:2 | Found a huge runed gate.
 33524 | Vaults:2 | Found a huge runed gate.
 33524 | Vaults:2 | Found a huge runed gate.
 33524 | Vaults:2 | Found a huge runed gate.
 33524 | Vaults:2 | Found a huge runed gate.
 33525 | Vaults:2 | Found a huge runed gate.
 33526 | Vaults:2 | Found a huge runed gate.
 35294 | Vaults:1 | Found Rokanupo's General Store.
 35301 | Vaults:1 | Bought a scroll of blinking for 112 gold pieces
 35906 | Vaults:3 | Found Pydduxen's Armour Shoppe.
 36079 | Vaults:3 | Reached XP level 20. HP: 49/106 MP: 24/29
 36080 | Vaults:3 | Reached skill level 18 in Stealth
 36154 | Vaults:3 | Identified the +0 scale mail "Labor" {Int-4 Dex+4}
 36798 | Vaults:3 | Found a staircase to the Crypt.
 37632 | Vaults:4 | Noticed Jory
 37638 | Vaults:4 | Killed Jory
 37777 | Vaults:4 | Noticed Mennas
 37819 | Vaults:4 | Killed Mennas
 38064 | Vaults:4 | Reached XP level 21. HP: 103/112 MP: 31/31
 38344 | Vaults:4 | Reached skill level 10 in Evocations
 38531 | Vaults:4 | Reached skill level 10 in Armour
 38747 | Vaults:4 | Reached skill level 19 in Stealth
 39265 | Shoals:1 | Entered Level 1 of the Shoals
 39286 | Shoals:1 | Found a runed translucent gate.
 39287 | Shoals:1 | Found a runed translucent gate.
 39365 | Shoals:1 | Noticed Roxanne
 39726 | Shoals:1 | Found a runed translucent gate.
 39727 | Shoals:1 | Noticed Ogimoj Lile's ghost (adept VSFi)
 40480 | Shoals:2 | Noticed Polyphemus
 40480 | Shoals:2 | Noticed Jorgrun
 40927 | Shoals:2 | Killed Polyphemus
 41161 | Shoals:2 | Noticed Aizul
 41196 | Shoals:2 | Killed Aizul
 41258 | Shoals:2 | Killed Jorgrun
 41735 | Shoals:3 | Reached XP level 22. HP: 109/118 MP: 32/32
 42660 | Shoals:4 | Entered Level 4 of the Shoals
 42816 | Shoals:4 | Noticed Bai Suzhen
 42828 | Shoals:4 | Killed Bai Suzhen
 42913 | Shoals:4 | Noticed Kirke
 42939 | Shoals:4 | Killed Kirke
 43222 | Shoals:4 | Got a barnacled rune of Zot
 43561 | Shoals:4 | Found Xolah's General Store.
 44316 | Elf:1    | Entered Level 1 of the Elven Halls
 44338 | Elf:1    | Found a radiant altar of Vehumet.
 44424 | Elf:1    | Noticed Asterion
 44427 | Elf:1    | Killed Asterion
 45044 | Elf:1    | Found Xeddol's General Store.
 45068 | Elf:1    | Found Exeilex's Book Boutique.
 45086 | Elf:1    | Bought a scroll of magic mapping for 42 gold pieces
 45126 | Elf:1    | Reached skill level 20 in Stealth
 45735 | Elf:2    | Found a runed translucent gate.
 45941 | Elf:2    | Reached XP level 23. HP: 73/113 MP: 34/34
 46481 | Elf:2    | Found a runed translucent gate.
 46481 | Elf:2    | Found a runed translucent gate.
 46779 | Elf:2    | Reached skill level 15 in Shields
 46915 | Elf:3    | Entered Level 3 of the Elven Halls
 47170 | Elf:3    | Noticed Saint Roka
 47182 | Elf:3    | Killed Saint Roka
 47500 | Elf:3    | Noticed Nikola
 48154 | Elf:3    | Killed Nikola
 48246 | Elf:3    | Identified the ring "Bianud" {AC+4 Int+3}
 48423 | Elf:3    | Identified the +1 leather armour of the King of the Hill
                  | {Regen+}
 48735 | Elf:3    | Identified the +0 pair of boots of the Endless Expanse {rC+
                  | rN+ Str-4}
 48762 | Elf:3    | Identified the +2 battleaxe "Gyaph" {drain, rN+ Dex+4
                  | Stlth+}
 49299 | Depths:1 | Entered Level 1 of the Depths
 49598 | Depths:1 | Reached skill level 21 in Stealth
 49727 | Depths:1 | Reached XP level 24. HP: 105/128 MP: 35/35
 49760 | Depths:1 | Found a gateway to a ziggurat.
 49940 | Depths:1 | Reached skill level 15 in Invocations
 50426 | Depths:1 | Found a shimmering altar of Xom.
 50564 | Depths:1 | Found a gateway to Hell.
 50809 | Depths:1 | Found a one-way gate to the infinite horrors of the Abyss.
 52833 | Depths:2 | Identified the +1 robe of Death Resistance {Harm rElec rF+
                  | Int-2}
 52979 | Depths:2 | Found a runed translucent door.
 53220 | Depths:2 | Found Modid's Distillery.
 53225 | Depths:2 | Bought a potion of haste for 140 gold pieces
 53225 | Depths:2 | Bought a potion of curing for 42 gold pieces
 53225 | Depths:2 | Bought a potion of haste for 140 gold pieces
 53233 | Depths:3 | Found a one-way gate leading to the halls of Pandemonium.
 53441 | Depths:3 | You fall into a shaft and drop 2 floors!
 53441 | Depths:5 | Entered Level 5 of the Depths
 53726 | Depths:5 | Found Xesoadeg's Jewellery Shop.
 53735 | Depths:5 | Bought the ring of Seetziepha {+Blink rElec rC+ Will++
                  | Int+4} for 1318 gold pieces
 53739 | Depths:5 | Found Tutwunogh's Jewellery Shop.
 53743 | Depths:5 | Bought the ring of Xudy {rF+ rC+ Int+4} for 663 gold pieces
 54568 | Depths:5 | Noticed a juggernaut
 54670 | Depths:5 | Killed a juggernaut
 54671 | Depths:5 | Reached XP level 25. HP: 87/133 MP: 19/35
 54754 | Depths:5 | Found a gate to the Realm of Zot.
 55008 | Depths:5 | HP: 6/133 [poisoned by a golden dragon (poison gas)]
 55186 | Depths:5 | Succumbed to a golden dragon's poison gas

Illustrated notes

Levels and vault maps discovered:
D:1:      matt_arrival_los_fun, layout_rooms, st_stairs_6, kennysheep_doodads,
          minmay_octomino_e4
D:2:      layout_loops_corners, shapermc_ecumenical_altar_mp_ritualfount,
          supply_closet_lemuel, kennysheep_generic_room_6
D:3:      layout_rooms
D:4:      minmay_thinvault, layout_basic, serial_bayou, serial_bayou_pond_a,
          serial_bayou_ford_a, serial_bayou_shore_b, serial_bayou_lake_a,
          fountainhead, sigmund_army, uniq_grinder, uniq_menkaure
D:5:      corexii_shantytown, layout_cave_pools, gammafunk_ghost_grave,
          amcnicky_mini_pool_small, lemuel_old_faithful
D:6:      minmay_skewed_foursquare, layout_basic, solitary_fountain,
          uniq_duvessa
D:7:      layout_loops_ring, minmay_temple_entry_enclosed_plants,
          hellmonk_bongcloud_opening, feat_on_display
D:8:      layout_gridville, david_lair_shrubbed, uniq_joseph, uniq_harold
D:9:      layout_loops_cross, hiddenorc2_lemuel, kennysheep_cross_room
D:10:     minmay_blocky_corners, layout_rooms, eat_drink_and_be_merry_uskayaw,
          special_room [special_room_orc], biasface_ghost_orc_armoury,
          uniq_erolcha, uniq_maurice, uniq_nergalle, uniq_maggie
D:11:     layout_loops_ring
D:12:     layout_roguey, minmay_shop_grid_forest
D:13:     layout_basic, nicolae_vehumet_radiance
D:14:     layout_irregular_city, david_vaults_4, fedhas_altar_1,
          portal_ice_cave_entry_pillars_2, serial_shops,
          nicolae_shop_competitors_out_of_business, small_statue_alley_a,
          chequers_mini_garden
D:15:     hangedman_depths_entry_try_elsewhere_first, layout_small_grid,
          gauntlet_entry_generic, hangedman_decor_lopped, minivault_10
Temple:   nicolae_temple_the_god_donut
Lair:1:   statuecave_lemuel, layout_chaotic_city, serial_bayou_pond_a,
          chequers_serial_rivers_micro_b, chequers_serial_rivers_small_b,
          grunt_megastairs_3, serial_bayou_shore_b
Lair:2:   layout_roguey, elwin_shoals_entry_rooms, spider_nest_entry_funnel_web,
          basic_altar, beast_lair_carwin_2, grunt_megastairs_2
Lair:3:   layout_roguey, grunt_forest_large_clearings, uniq_gastronok
Lair:4:   layout_roguey
Lair:5:   layout_regular_city, nicolae_slime_entry_slimehenge, uniq_sonja
Lair:6:   evilmike_catoblepas_cave, layout_gridlike, infiniplex_staircase_pool,
          serial_bayou_shore_a
Shoals:1: layout_shoals, gammafunk_ghost_tricky_traps, uniq_roxanne
Shoals:2: layout_shoals, uniq_aizul, uniq_polyphemus, uniq_jorgrun
Shoals:3: cheibrodos_shoals_gigantism, layout_shoals, nicolae_shoals_loop_pool
Shoals:4: shoals_end_grunt_garden, layout_shoals, serial_shops,
          nicolae_shop_stone, nicolae_shoals_siren_and_animal_friends,
          uniq_kirke, uniq_bai_suzhen
Spider:1: layout_spider_delve, drop_trap
Spider:2: layout_spider_delve, nicolae_spider_bug_shape
Spider:3: layout_spider_delve, worms_lemuel, uniq_louise
Spider:4: spider_rune_water, nicolae_spider_bzzzt, uniq_arachne
Orc:1:    layout_diamond_mine, basic_altar
Orc:2:    st_orc_ogre_mass, layout_caves, serial_shops,
          nicolae_shop_behind_doors
Elf:1:    eino_elf_arrival_altar, layout_gridlike, hangedman_elf_disciples,
          minmay_shoptagon, uniq_asterion
Elf:2:    layout_rooms, due_unseen_surprise
Elf:3:    grunt_elf_hall_asides, layout_loops_corners, serial_sigils,
          serial_sigils_hangedman_gnaw, serial_sigils_hangedman_etch,
          serial_sigils_hangedman_stare, serial_sigils_hangedman_snap,
          minmay_fountain_box, st_stairs_4, corexii_leaking_fountain,
          kilobyte_mutagenic_chamber, uniq_saint_roka, uniq_nikola
Vaults:1: vaults_room_pools, grunt_vaults_hallway_short,
          vaults_room_grunt_arrival_ludios, v_alt_pattern_4,
          hangedman_vaults_trim, nicolae_vaults_little_ls, vaults_dpeg_cross,
          hangedman_vaults_nails, vaults_room_semicircle,
          ontoclasm_vaults_decontamination, v_misc_30, vaults_room_fancy_cross,
          layout_vaults_omnicross, serial_shops, shop_statue
Vaults:2: vaults_not_door_vault_due, vaults_room_door_ring,
          vaults_mumra_chevron, v_rooms_3, v_misc_15, grunt_vaults_swirl,
          v_misc_8, nicolae_vaults_little_squares_4, layout_vaults_quadrants
Vaults:3: nicolae_vaults_shelves_hall, v_misc_28, ontoclasm_vaults_gallery,
          vaults_mumra_hexcomb, grunt_vaults_twisty, nicolae_vaults_network_s,
          minmay_crypt_entry_simple_corners, ontoclasm_vaults_twist, v_misc_28,
          hangedman_vaults_trim, ontoclasm_vaults_fault, v_misc_22,
          layout_vaults_omnibox, serial_shops, nicolae_shop_statue_plus
Vaults:4: nicolae_vaults_octagons, v_rooms_1, nicolae_vaults_shelves_hall,
          hangedman_vaults_capsules, ontoclasm_vaults_hangar, vaults_mumra_hex,
          v_misc_18, ontoclasm_vaults_ring_large,
          nicolae_vaults_little_squares_3, v_misc_26, v_alt_pattern_6,
          nicolae_vaults_shelves_hall, nicolae_vaults_angled_halls,
          ontoclasm_vaults_claustrophobia, layout_vaults_maze, uniq_mennas,
          uniq_jory
Depths:1: layout_honeycomb, enter_ziggurat_d, hell_entry,
          nicolae_abyss_entry_one_way_or_another, serial_co_window_serial,
          co_window_of_opportunity_a, co_window_paths_a, co_window_paths_a,
          co_window_paths_b, co_window_paths_a, co_window_cross_1,
          co_window_paths_c, co_window_2corner, co_window_corner_cb,
          co_window_corner_b, co_window_broadway_b, co_window_4corner_a,
          glass_columns_b, glass_columns_c, glass_columns_a, glass_columns_a,
          glass_columns_a, abandoned_shop, xom_confusion_cloud
Depths:2: minmay_gate_of_8, layout_cave_pools, serial_shops,
          kennysheep_little_box, hell_entry, columned_hall_lemuel
Depths:3: minmay_the_grid_octo_tiled_squarecenter_mashed
          [minmay_the_grid_octo_horde, minmay_the_grid_octo_concentric,
          minmay_the_grid_octo_clover_2, minmay_the_grid_octo_pinwheel,
          minmay_the_grid_square_5x5_megaprize_hollow,
          minmay_the_grid_square_5x5_tetrominoes,
          minmay_the_grid_square_5x5_tie,
          minmay_the_grid_square_5x5_fancy_junction,
          minmay_the_grid_square_5x5_lines], layout_gridlike, pan_entry,
          hell_entry
Depths:5: grunt_zot_entry_pinwheel, layout_long_grid, pf_hell_entry_tar_river,
          minmay_shop_star

Skill      XL: |  1  2  3  4  5  6  7  8  9 10 11 12 13 14 15 16 17 18 19 20 21 22 23 24 |
---------------+-------------------------------------------------------------------------+-----
Short Blades   | 2 3 4 5 6 7 8 9 10 11 12 13 14 | 14.2
Dodging        | 1 2 3 4 6 7 8 9 10 11 12 13 | 13.1
Fighting       | 2 3 4 5 6 7 8 9 10 11 12 13 14 | 14.2
Stealth        | 5 6 7 8 10 11 12 13 14 15 16 17 18 19 20 21 | 21.5
Armour         | 1 2 3 4 5 6 7 8 9 10 11 | 11.6
Shields        | 1 2 4 5 6 7 8 9 10 11 12 13 14 15 16 | 16.2
Evocations     | 1 3 4 5 6 7 8 9 10 11 | 11.9
Invocations    | 3 5 7 8 10 11 12 13 14 15 | 15.8
Throwing       | 3 4 5 6 7 8 |  8.2

Action                   |  1- 3 |  4- 6 |  7- 9 | 10-12 | 13-15 | 16-18 | 19-21 | 22-24 | 25-27 || total
-------------------------+-------+-------+-------+-------+-------+-------+-------+-------+-------++-------
Melee: Dagger            |   103 |   187 |   134 |       |       |       |       |       |       ||   424
       Bite              |    23 |    58 |   128 |   326 |   615 |   960 |   842 |  1294 |    43 ||  4289
       Quick blade       |       |       |   238 |   598 |  1068 |  1944 |  1531 |  2474 |    69 ||  7922
Throw: Boomerang         |       |       |     3 |     2 |     4 |       |       |       |       ||     9
       Dart              |       |       |       |       |    12 |       |       |       |       ||    12
       Javelin           |       |       |       |       |       |       |       |     1 |       ||     1
Invok: Line Pass         |       |       |       |       |     2 |     6 |     3 |     9 |       ||    20
       Grand Finale      |       |       |       |       |     1 |    10 |     5 |     9 |       ||    25
Evoke: Wand              |       |       |       |       |     2 |    35 |     8 |    20 |       ||    65
  Use: Scroll            |       |     7 |    13 |     8 |     3 |     7 |     3 |     6 |       ||    47
       Potion            |       |       |       |     1 |     1 |     6 |     3 |     2 |     6 ||    19
 Stab: Sleeping          |     5 |     4 |    22 |    25 |    47 |    34 |    39 |    44 |     1 ||   221
       Distracted        |       |       |     5 |       |     7 |     9 |     5 |    11 |     3 ||    40
       Invisible         |       |       |       |     1 |       |       |       |       |       ||     1
       Paralysed         |       |       |       |     8 |    89 |   143 |   137 |   137 |     2 ||   516
       Petrified         |       |       |       |       |     3 |       |       |       |       ||     3
       Confused          |       |       |       |       |       |     5 |     4 |     3 |       ||    12
       Held in net/web   |       |       |       |       |       |     2 |       |     1 |       ||     3
Armor: Ring mail         |    29 |    82 |    44 |       |       |       |       |       |       ||   155
       Leather armour    |       |       |     2 |    50 |   118 |    35 |    53 |       |       ||   258
       Swamp dragon scal |       |       |       |       |       |   495 |       |       |       ||   495
       Quicksilver drago |       |       |       |       |       |       |    80 |   250 |    16 ||   346
       Skin              |       |       |       |       |       |       |     2 |     1 |       ||     3
       Storm dragon scal |       |       |       |       |       |       |       |   107 |       ||   107
Dodge: Dodged            |    44 |    66 |    81 |   131 |   398 |  1454 |   682 |   728 |    26 ||  3610
Block: Kite shield       |       |    29 |   110 |   183 |   417 |   217 |       |       |       ||   956
       Tower shield      |       |       |       |       |       |  1436 |  1348 |  1600 |    37 ||  4421
       Reflection        |       |       |       |       |       |     5 |    48 |   102 |       ||   155
       Other             |       |       |       |       |       |       |       |    32 |       ||    32

Table legend: (Time is in decaauts)
 A = Elapsed time spent in this place.
 B = Non-inter-level travel time spent in this place.
 C = Inter-level travel time spent in this place.
 D = Time resting spent in this place.
 E = Time spent auto-exploring this place.
 F = Levels seen in this place.
 G = Mean time per level.
                   A        B        C        D        E       F      G
               +--------+--------+--------+--------+--------+-----+--------+
         Total |  51490 |  45650 |   5840 |   1311 |  30669 |  45 | 1144.2 |
       Dungeon |  16241 |  13505 |   2736 |    107 |  10098 |  15 | 1082.7 |
        Temple |    305 |    289 |     16 |      0 |    288 |   1 |  305.0 |
          Lair |   6529 |   5477 |   1052 |    155 |   4072 |   6 | 1088.2 |
        Shoals |   4490 |   4324 |    166 |      0 |   2677 |   4 | 1122.5 |
   Spider Nest |   5749 |   5105 |    644 |    226 |   2797 |   4 | 1437.2 |
  Orcish Mines |   1056 |    936 |    120 |    128 |    564 |   2 |  528.0 |
   Elven Halls |   4391 |   4051 |    340 |     87 |   2477 |   3 | 1463.7 |
        Vaults |   6307 |   5874 |    433 |    157 |   4242 |   4 | 1576.8 |
        Depths |   5257 |   4928 |    329 |    451 |   2932 |   4 | 1314.2 |
      Ice Cave |    693 |    693 |      0 |      0 |    260 |   1 |  693.0 |
      Gauntlet |    467 |    467 |      0 |      0 |    260 |   1 |  467.0 |
               +--------+--------+--------+--------+--------+-----+--------+

Top non-repeatable levels by time:
Depths:1: 2955 daAuts
Spider:4: 1987 daAuts
   Elf:3: 1938 daAuts
Spider:2: 1838 daAuts
Vaults:2: 1668 daAuts
Vaults:4: 1658 daAuts
     D:4: 1648 daAuts
     D:8: 1574 daAuts
Vaults:1: 1508 daAuts
Depths:5: 1492 daAuts
Vaults:3: 1472 daAuts
    D:14: 1457 daAuts
     D:9: 1426 daAuts
  Lair:2: 1424 daAuts
     D:2: 1370 daAuts
